 Dungeon Crawl Stone Soup version 0.27-a0-1500-g450c7e4133 (webtiles) character file.

Game seed: 4006355789854009042

69857 dolemite99 the Severer (level 14, -19/129 HPs)
             Began as a Minotaur Monk on July 8, 2021.
             Was a Believer of Qazlal.
             Demolished by a spatial maelstrom (20 damage)
             ... on level 2 of the Abyss.
             The game lasted 00:34:25 (24661 turns).

dolemite99 the Severer (Minotaur Monk)             Turns: 24661, Time: 00:34:26

Health: -19/129    AC: 30    Str: 18    XL:     14   Next: 91%
Magic:  12/22      EV: 12    Int:  7    God:    Qazlal [**....]
Gold:   1547       SH:  9    Dex: 16    Spells: 13/13 levels left

rFire    . . .     SeeInvis .   b - +1 broad axe
rCold    . . .     Faith    +   n - +1 buckler
rNeg     . . .     Spirit   .   U - +0 plate armour
rPois    .         Reflect  .   R - +2 hat
rElec    .         Harm     .   e - +2 cloak
rCorr    .         Rampage  .   H - +2 pair of gloves
Will     +....     NoTele   +   C - +1 pair of boots
Stlth    ..........             O - amulet of faith
HPRegen  0.31/turn              B - +4 ring of evasion
MPRegen  0.18/turn              k - +4 ring of protection {=R}

@: untranslocatable, hasted, very quick
A: horns 2, retaliatory headbutt
a: Renounce Religion, Upheaval


You were on level 2 of the Abyss.
You worshipped Qazlal.
Qazlal was pleased with you.
You visited 2 branches of the dungeon, and saw 19 of its levels.
You visited the Abyss 1 time.
You also visited: Ossuary.

You collected 1683 gold pieces.
You spent 136 gold pieces at shops.

Inventory:

Hand Weapons
 a - a +0 hand crossbow
 b - a +1 broad axe (weapon)
 c - a +0 arbalest
 w - the +9 dagger "Hasmob" {flame, rElec rPois Will+ Dex-2}
   (You found it on level 7 of the Dungeon)

   It has been specially enchanted to burn those struck by it, causing extra
   injury to most foes and up to half again as much damage against particularly
   susceptible opponents.
   Dex:       It affects your dexterity (-2).
   rElec:     It insulates you from electricity.
   rPois:     It protects you from poison.
   Will:      It increases your willpower.
 Q - a +0 broad axe
Missiles
 h - 26 poisoned darts (quivered)
 y - 185 sling bullets
 A - 35 bolts
 G - 7 javelins
 M - a curare-tipped dart
Armour
 e - a +2 cloak (worn)
 n - a +1 buckler (worn)
 C - a +1 pair of boots (worn)
 H - a +2 pair of gloves (worn)
 R - a +2 hat (worn)
 U - a +0 plate armour (worn)
Magical Staves
 r - a staff of earth
Jewellery
 d - a +4 ring of protection
 i - an amulet of guardian spirit
 k - a +4 ring of protection (right hand) {=R}
 B - a +4 ring of evasion (left hand)
 E - a ring of resist corrosion
 J - a ring of willpower
 O - an amulet of faith (around neck)
 Z - a ring of fire
Wands
 D - a wand of polymorph (9)
 T - a wand of flame (45)
Scrolls
 g - 9 scrolls of teleportation
 o - 2 scrolls of vulnerability
 p - a scroll of holy word
 t - 3 scrolls of blinking
 u - 2 scrolls of fear
 I - 2 scrolls of fog
 P - 4 scrolls of silence
 V - 3 scrolls of identify {@r1}
Potions
 j - 2 potions of flight
 q - 2 potions of magic
 s - 2 potions of resistance {unknown}
 v - a potion of brilliance {unknown}
 F - 3 potions of berserk rage {unknown}
 K - 2 potions of ambrosia {unknown}
 L - a potion of mutation {unknown}
 N - 2 potions of attraction {unknown}
 S - 8 potions of curing
 W - 2 potions of lignification
 X - a potion of cancellation {unknown}
Miscellaneous
 z - a lightning rod (inert)


   Skills:
 - Level 13.5 Fighting
 - Level 17.7 Axes
 + Level 6.1 Crossbows
 - Level 3.5 Throwing
 - Level 11.1 Armour
 - Level 5.4 Dodging
 - Level 1.5 Stealth
 - Level 4.0 Shields
 + Level 12.0 Invocations
 - Level 6.3 Evocations


You had 13 spell levels left.
You didn't know any spells.
Your spell library contained the following spells:

 Spells                   Type           Power      Damage    Failure   Level
 Magic Dart               Conj           0%         1d3       100%        1
 Sandblast                Erth           0%         2d4       100%        1
 Shock                    Conj/Air       0%         1d3       100%        1
 Blink                    Tloc           N/A        N/A       100%        2
 Passwall                 Tmut/Erth      0%         N/A       100%        2
 Searing Ray              Conj           0%         3d3       100%        2
 Conjure Flame            Conj/Fire      0%         6-21      100%        3
 Dazzling Flash           Conj/Hex       0%         N/A       100%        3
 Ignite Poison            Fire/Tmut/Pois 0%         N/A       100%        3
 Inner Flame              Hex/Fire       0%         N/A       100%        3
 Stone Arrow              Conj/Erth      0%         3d7       100%        3
 Summon Guardian Golem    Hex/Summ       0%         N/A       100%        3
 Swiftness                Air            0%         N/A       100%        3
 Airstrike                Air            0%         N/A       100%        4
 Animate Armour           Summ/Erth      0%         N/A       100%        4
 Cause Fear               Hex            0%         N/A       100%        4
 Fulminant Prism          Conj/Hex       0%         3d6       100%        4
 Olgreb's Toxic Radiance  Pois           0%         N/A       100%        4
 Sticky Flame             Conj/Fire      0%         2d3       100%        4
 Summon Ice Beast         Ice/Summ       0%         N/A       100%        4
 Agony                    Necr           0%         N/A       100%        5
 Blade Hands              Tmut           0%         N/A       100%        5
 Bolt of Magma            Conj/Fire/Erth 0%         4d4       100%        5
 Irradiate                Conj/Tmut      0%         3d14      100%        5
 Lee's Rapid Deconstruct  Erth           0%         3d5*      100%        5
 Manifold Assault         Tloc           0%         N/A       100%        5
 Silence                  Hex/Air        0%         N/A       100%        5
 Summon Forest            Summ/Tloc      0%         N/A       100%        5
 Summon Mana Viper        Hex/Summ       0%         N/A       100%        5
 Eringya's Noxious Bog    Tmut/Pois      0%         N/A       100%        6
 Dragon Form              Tmut           0%         N/A       100%        7
 Monstrous Menagerie      Summ           0%         N/A       100%        7
 Orb of Destruction       Conj           0%         N/A       100%        7
 Ozocubu's Refrigeration  Ice            0%         4d5       100%        7
 Spellforged Servitor     Conj/Summ      0%         N/A       100%        7
 Storm Form               Tmut/Air       0%         N/A       100%        7
 Summon Hydra             Summ           0%         N/A       100%        7
 Discord                  Hex            0%         N/A       100%        8
 Ignition                 Fire           0%         3d3       100%        8
 Lehudib's Crystal Spear  Conj/Erth      0%         10d2      100%        8
 Shatter                  Erth           0%         3d5*      100%        9


Dungeon Overview and Level Annotations

Branches:
Dungeon (12/15)            Temple (0/1) D:4            Lair (6/6) D:9
  Swamp (0/4) Lair:2        Snake (0/4) Lair:2        Slime (0/5) Lair:5
    Orc (0/2) D:12        Ossuary (visited)

Altars:
Dithmenos
Gozag
Hepliaklqana
Makhleb
Qazlal
Ru
Sif Muna
Trog
Uskayaw
Wu Jian

Shops:
D:10 [

Portals:
Hell: Lair:6

Annotations:
D:12 Nergalle
D:15 Louise
Lair:3 exclusion: oklob plant
Lair:4 2 transporters, Spaninq's ghost, journeyman TrBe


Innate Abilities, Weirdness & Mutations

You have a pair of horns on your head.
You reflexively headbutt those who attack you in melee.


Message History

* * * LOW HITPOINT WARNING * * *
Space bends around you.
* * * LOW HITPOINT WARNING * * *
The red draconian shifter blinks!
You cannot blink because you are locked down by a dimension anchor.
A large abomination comes into view.
The red draconian shifter breathes fire at you.
The searing blast hits you!
* * * LOW HITPOINT WARNING * * *
Okay, then.
You cannot blink because you are locked down by a dimension anchor.
The spatial vortex is engulfed in blazing flames.
A spatial vortex comes into view.
A spatial vortex comes into view.
A spatial vortex comes into view. x2
The spatial vortex moves out of view.
A spatial maelstrom comes into view.
You block the spatial vortex's attack.
A spatial vortex comes into view.
The red draconian shifter breathes fire at you.
The searing blast hits the spatial vortex!!
The spatial vortex resists.
The searing blast hits you.
* * * LOW HITPOINT WARNING * * *
A spatial vortex comes into view.
A spatial vortex comes into view.
Found a potion of magic.
You block the spatial maelstrom's attack. x2
A spatial vortex comes into view.
The spatial vortex is engulfed in blazing flames.
The spatial maelstrom hits you.
* * * LOW HITPOINT WARNING * * *
The spatial maelstrom misses you. The spatial maelstrom hits you.
* * * LOW HITPOINT WARNING * * *
Space bends around you.
* * * LOW HITPOINT WARNING * * *
The spatial maelstrom hits you.
* * * LOW HITPOINT WARNING * * *
Space warps horribly around you!!
You die...

## ## . .#
#.#.#.# ..
#..#!.###
#.##....#..#
##.#.#.#vv.
##....v.v.#
......v...#
##.....@vv#
#(........#
#.#..###..#
##..#####v##
.(##.....v#
#(#.##..q.#
#(# #..#..#
# ##.#.##
#..v .....


You could see a red draconian shifter (catching breath), a spatial maelstrom and
8 spatial vortices.

Vanquished Creatures
  Rupert (D:12)
  A dire elephant (Lair:6)
  Azrael (D:12)
  An ogre mage (D:15)
  2 boulder beetles (Lair:3)
  7 hydras
  A hell beast (Lair:6)
  2 catoblepae (Lair:4)
  2 centaur warriors
  An anaconda (Lair:4)
  5 two-headed ogres
  5 death yaks (Lair:6)
  An orc knight (D:11)
  A wizard (Lair:6)
  2 bog bodies (Lair:2)
  A manticore (D:12)
  3 cyclopes
  15 elephants
  8 black mambas
  An eye of devastation (Lair:5)
  16 cane toads
  Maggie (D:7)
  10 komodo dragons
  3 rime drakes (Lair:6)
  A tengu conjurer (D:15)
  2 ice devils (Lair:6)
  3 red devils (Lair:6)
  A hellwing (Lair:6)
  2 trolls
  7 polar bears
  A hornet (D:8)
  Grinder (D:4)
  10 blink frogs
  5 slime creatures (D:12)
  A dream sheep (Lair:2)
  A shadow (D:11)
  3 wraiths
  A vampire (D:11)
  42 yaks
  3 fire elementals
  3 basilisks
  7 wyverns
  2 steam dragons
  2 vampire mosquitoes (D:11)
  Edmund (D:5)
  4 nagas (Lair:2)
  A floating eye (Lair:5)
  20 water moccasins
  9 hell hounds
  4 orc warriors
  5 black bears
  2 necrophages
  2 ogres
  39 wolves
  7 centaurs
  A kobold brigand (D:8)
  2 phantoms
  21 bullfrogs
  A wyvern zombie (D:8)
  2 scorpions
  2 water moccasin zombies (D:5)
  A water moccasin skeleton (D:4)
  22 killer bees
  5 wights (D:9)
  6 howler monkeys
  2 hounds
  A jelly (D:3)
  2 orc priests
  A bullfrog skeleton (D:7)
  5 centaur zombies
  Jessica (D:3)
  An iguana (D:3)
  Natasha (thrice) (D:3)
  5 orc wizards
  A hell rat (Lair:6)
  3 mummies
  9 gnolls
  6 adders
  A shadow imp (D:8)
  A white imp (D:6)
  4 ufetubi
  3 worms
  2 adder skeletons (D:4)
  5 adder zombies (Ossuary)
  3 dart slugs
  46 orcs
  5 endoplasms
  2 giant cockroaches
  8 goblins
  5 hobgoblins
  10 jackals
  7 kobolds
  2 quokkas (D:2)
  6 ball pythons
  8 bats
  6 frilled lizards
  A gnoll zombie (Ossuary)
  4 hobgoblin zombies
  9 kobold zombies
  3 orc zombies (Ossuary)
  6 rats
533 creatures vanquished.

Vanquished Creatures (collateral kills)
  A dream sheep (Lair:6)
  A blink frog (Lair:6)
2 creatures vanquished.

Vanquished Creatures (others)
  An orc wizard (D:5)
  37 fungi
  55 plants
93 creatures vanquished.

Grand Total: 628 creatures vanquished

Notes
Turn   | Place    | Note
-------+----------+-------------------------------------------
     0 | D:1      | dolemite99 the Minotaur Monk began the quest for the Orb.
     0 | D:1      | Reached XP level 1. HP: 19/19 MP: 0/0
   193 | D:1      | Reached skill level 4 in Axes
   206 | D:1      | Reached XP level 2. HP: 22/26 MP: 1/1
   579 | D:1      | Reached skill level 5 in Axes
   737 | D:1      | Reached XP level 3. HP: 31/31 MP: 2/2
  1128 | D:2      | Found a faded altar of an unknown god.
  1141 | D:2      | Became a worshipper of Qazlal Stormbringer
  1141 | D:2      | Reached * piety under Qazlal
  1141 | D:2      | Reached ** piety under Qazlal
  1331 | D:2      | Reached *** piety under Qazlal
  1453 | D:2      | You fall into a shaft and drop 1 floor!
  1469 | D:3      | Reached skill level 6 in Axes
  1469 | D:3      | Reached XP level 4. HP: 39/39 MP: 3/3
  1531 | D:3      | Found a hazy altar of Hepliaklqana.
  1644 | D:3      | Noticed Jessica
  1660 | D:3      | Killed Jessica
  1661 | D:3      | Reached skill level 7 in Axes
  1661 | D:3      | Reached XP level 5. HP: 45/45 MP: 4/4
  2475 | D:3      | Noticed Natasha
  2484 | D:3      | Killed Natasha
  2484 | D:3      | Reached **** piety under Qazlal
  2488 | D:3      | Reached skill level 8 in Axes
  2488 | D:3      | Reached XP level 6. HP: 38/51 MP: 5/5
  2544 | D:3      | Noticed Natasha
  2555 | D:3      | Killed Natasha
  2566 | D:3      | Noticed Natasha
  2572 | D:3      | Killed Natasha
  2818 | D:4      | You fall into a shaft and drop 1 floor!
  2818 | D:5      | Entered Level 5 of the Dungeon
  2860 | D:5      | Reached skill level 9 in Axes
  2905 | D:5      | Reached XP level 7. HP: 41/57 MP: 6/6
  3167 | D:4      | Found a staircase to the Ecumenical Temple.
  3207 | D:4      | Noticed Grinder
  3230 | D:4      | Killed Grinder
  3313 | D:4      | Found a sand-covered staircase.
  3323 | Ossuary  | Entered an ossuary
  3466 | Ossuary  | Reached skill level 1 in Armour
  4276 | D:5      | Reached XP level 8. HP: 46/64 MP: 7/7
  4388 | D:5      | Reached skill level 5 in Armour
  4582 | D:5      | Reached skill level 1 in Shields
  4590 | D:5      | Noticed Edmund
  4601 | D:5      | Killed Edmund
  4731 | D:5      | Reached skill level 1 in Invocations
  5379 | D:6      | Reached skill level 10 in Axes
  5686 | D:6      | Reached skill level 11 in Axes
  6000 | D:7      | Reached XP level 9. HP: 71/71 MP: 10/10
  6105 | D:7      | Reached skill level 12 in Axes
  6189 | D:7      | Found a shadowy altar of Dithmenos.
  6191 | D:7      | Found a stormy altar of Qazlal.
  6191 | D:7      | Found a sacrificial altar of Ru.
  6193 | D:7      | Found an ornate altar of the Wu Jian Council.
  6216 | D:7      | Noticed Maggie
  6244 | D:7      | Killed Maggie
  6384 | D:7      | Reached skill level 13 in Axes
  6624 | D:7      | Identified the +9 dagger "Hasmob" {flame, rElec rPois Will+
                  | Dex-2}
  7075 | D:8      | Reached skill level 5 in Fighting
  7302 | D:8      | Reached ***** piety under Qazlal
  7574 | D:8      | Reached XP level 10. HP: 86/86 MP: 11/11
  7741 | D:8      | Found a bloodstained altar of Trog.
  7741 | D:8      | Found a burning altar of Makhleb.
  7749 | D:8      | Found a faded altar of an unknown god.
  7751 | D:8      | Found an opulent altar of Gozag.
  7752 | D:8      | Found a faded altar of an unknown god.
  8121 | D:9      | Reached skill level 5 in Invocations
  8601 | D:9      | Found a staircase to the Lair.
  8635 | D:9      | Found Adwotsiq's CLEARANCE SALE! EVERYTHING MUST GO!.
  8642 | D:9      | Bought a scroll of silence for 37 gold pieces
  8642 | D:9      | Bought a potion of haste for 50 gold pieces
  9086 | D:10     | Entered Level 10 of the Dungeon
  9149 | D:10     | Noticed a centaur warrior
  9153 | D:10     | Found Feab's Armour Boutique.
  9171 | D:10     | Killed a centaur warrior
  9172 | D:10     | Reached skill level 5 in Dodging
  9374 | D:10     | Reached XP level 11. HP: 93/97 MP: 15/15
  9393 | D:10     | Bought a +0 cloak for 49 gold pieces
  9804 | D:11     | Noticed a two-headed ogre
  9813 | D:11     | Killed a two-headed ogre
  9896 | D:11     | Noticed a two-headed ogre
  9907 | D:11     | Killed a two-headed ogre
 10139 | D:11     | Noticed an orc knight
 10150 | D:11     | Reached skill level 14 in Axes
 10663 | D:11     | Identified the +1 robe of Kajotaf {+Inv Archmagi}
 10704 | D:11     | Killed an orc knight
 10832 | D:11     | Reached skill level 1 in Crossbows
 10994 | D:11     | Noticed a two-headed ogre
 11006 | D:11     | Killed a two-headed ogre
 11292 | D:11     | Noticed a two-headed ogre
 11304 | D:11     | Killed a two-headed ogre
 11305 | D:11     | Reached skill level 5 in Crossbows
 11695 | Lair:1   | Entered Level 1 of the Lair of Beasts
 12107 | Lair:1   | Found a dark tunnel.
 12335 | Lair:1   | Found the +2 Maxwell's thermic engine {flame, freeze}
 12469 | Lair:2   | Reached XP level 12. HP: 94/104 MP: 17/17
 12570 | Lair:2   | Reached skill level 10 in Armour
 13043 | Lair:2   | Reached skill level 10 in Fighting
 13329 | Lair:2   | Found a staircase to the Snake Pit.
 14289 | Lair:2   | Reached skill level 15 in Axes
 14326 | Lair:2   | Found a staircase to the Swamp.
 14866 | Lair:3   | Noticed a boulder beetle
 14883 | Lair:3   | Killed a boulder beetle
 15000 | Lair:3   | Noticed a four-headed hydra
 15021 | Lair:3   | Killed a four-headed hydra
 15176 | Lair:3   | Reached XP level 13. HP: 88/116 MP: 9/18
 15876 | Lair:3   | You fall into a shaft and drop 3 floors!
 15876 | Lair:6   | Entered Level 6 of the Lair of Beasts
 15887 | Lair:6   | Noticed a dire elephant
 15892 | Lair:6   | Reached skill level 16 in Axes
 15910 | Lair:6   | Killed a dire elephant
 16566 | Lair:6   | Reached skill level 1 in Evocations
 17485 | Lair:3   | Reached skill level 5 in Evocations
 18269 | Lair:4   | Found a transporter.
 18357 | Lair:4   | Reached skill level 10 in Invocations
 18708 | Lair:4   | Reached XP level 14. HP: 114/126 MP: 20/20
 19340 | Lair:4   | Noticed Spaninq's ghost (journeyman TrBe)
 19434 | Lair:4   | Found a transporter.
 20238 | Lair:5   | Found a staircase to the Slime Pits.
 20317 | Lair:5   | Reached skill level 17 in Axes
 21130 | Lair:6   | Found a shimmering blue altar of Sif Muna.
 21414 | Lair:6   | Identified the +1 scale mail of the Weaver {Int+6}
 22115 | Lair:6   | Found a burning altar of Makhleb.
 22121 | Lair:6   | Found a gateway to Hell.
 23101 | D:12     | Noticed Azrael
 23101 | D:12     | Noticed Nergalle
 23105 | D:12     | Killed Azrael
 23555 | D:12     | Found a staircase to the Orcish Mines.
 23845 | D:12     | Found a hide-covered altar of Uskayaw.
 23924 | D:12     | Noticed Rupert
 23940 | D:12     | Paralysed by Rupert for 4 turns
 23954 | D:12     | Killed Rupert
 24271 | D:12     | You fall into a shaft and drop 3 floors!
 24271 | D:15     | Entered Level 15 of the Dungeon
 24279 | D:15     | Noticed Louise
 24545 | D:15     | Cast into level 2 of the Abyss (Louise)
 24631 | Abyss:2  | Noticed a red draconian shifter
 24661 | Abyss:2  | HP: 6/129 [spatial maelstrom (4)]
 24661 | Abyss:2  | HP: 1/129 [spatial maelstrom (5)]
 24661 | Abyss:2  | Demolished by a spatial maelstrom

Illustrated notes

Levels and vault maps discovered:
D:1:      amcnicky_arrival_double_pillar, layout_loops_corners
D:2:      layout_basic, basic_ecumenical_altar, minmay_tripent
D:3:      layout_rooms, lemuel_round_altar, grunt_decor_cap, uniq_jessica,
          uniq_natasha
D:4:      layout_basic, minmay_temple_entry_tees, serial_curves, eino_curves_02,
          eino_curves_04, nicolae_ossuary_entry_giza, uniq_grinder
D:5:      layout_loops_ring, uniq_edmund
D:6:      layout_gridville
D:7:      layout_basic, chequers_temple_overflow_statue_of_worship,
          minmay_misc_feat_columns, eino_jars, uniq_maggie
D:8:      layout_basic, chequers_temple_overflow_minitemple,
          kennysheep_generic_room_6
D:9:      layout_long_grid, grunt_lair_entry_orc_guard_hut,
          serial_park_tiny_pond, st_stairs_6, nicolae_shop_clearance
D:10:     layout_basic, serial_shops, shop_fountains
D:11:     layout_basic, special_room [special_room_orc]
D:12:     layout_basic, orc_0_dummy, nicolae_uskayaw_dance_hall, uniq_rupert,
          uniq_azrael, uniq_nergalle
D:15:     hangedman_depths_entry_try_elsewhere_first, layout_basic,
          minmay_strange_pillars, st_stairs_9, minivault_12, uniq_louise
Lair:1:   layout_cave_shapes, enter_volcano_2
Lair:2:   nzn_winding_woodlands_small [nzn_winding_woodlands_5x15_parted,
          nzn_winding_woodlands_center_triple_pond,
          nzn_winding_woodlands_5x15_eye], layout_cave_pods,
          skrybe_swamp_entry_bodies, guppyfry_snake_entry_garden
Lair:3:   layout_small_grid, grunt_forest_large_clearings,
          minmay_lair_oklob_chamber
Lair:4:   beast_lair_carwin_large_4, layout_layer_cave,
          gammafunk_ghost_berserking_beasts
Lair:5:   layout_cave_pods, minmay_slime_entry_eyes, beast_lair_carwin_1,
          serial_bayou_shore_a
Lair:6:   evil_forest, layout_hall_layers, basic_altar, st_stairs_3
Abyss:2:  base: D:9, hangedman_decor_lopped

Skill      XL: |  1  2  3  4  5  6  7  8  9 10 11 12 13 14 |
---------------+-------------------------------------------+-----
Axes           | 4 5 6 7 8 9 11 13 14 15 16 17 | 17.7
Throwing       | 3 |  3.5
Armour         | 4 5 9 11 | 11.1
Shields        | 3 4 |  4.0
Fighting       | 4 7 9 11 12 13 | 13.5
Invocations    | 3 7 8 9 10 12 | 12.0
Dodging        | 5 |  5.4
Crossbows      | 5 6 |  6.1
Evocations     | 6 |  6.3
Stealth        | |  1.5

Action                   |  1- 3 |  4- 6 |  7- 9 | 10-12 | 13-15 || total
-------------------------+-------+-------+-------+-------+-------++-------
Melee: Hand axe          |   120 |   131 |   119 |       |       ||   370
       Headbutt          |    20 |    21 |    67 |    85 |   116 ||   309
       War axe           |       |       |   233 |   123 |       ||   356
       Broad axe         |       |       |       |   260 |   485 ||   745
 Fire: Hand crossbow     |       |       |       |   198 |   277 ||   475
Throw: Stone             |     2 |     8 |     3 |    27 |       ||    40
       Dart              |       |       |   123 |   113 |    54 ||   290
       Javelin           |       |       |       |     2 |       ||     2
Invok: Upheaval          |       |       |     2 |    16 |    34 ||    52
       Elemental Force   |       |       |       |       |     2 ||     2
Evoke: Wand              |       |       |       |       |     9 ||     9
       Lightning rod     |       |       |       |       |     7 ||     7
  Use: Scroll            |       |     6 |    13 |     6 |     5 ||    30
       Potion            |       |       |     6 |     2 |    13 ||    21
 Stab: Petrified         |       |       |       |       |     5 ||     5
       Petrifying        |       |       |       |       |     1 ||     1
       Paralysed         |       |       |       |       |     1 ||     1
Armor: Chain mail        |    77 |    60 |   105 |       |       ||   242
       Skin              |       |       |     5 |       |       ||     5
       Swamp dragon scal |       |       |    13 |    61 |       ||    74
       Plate armour      |       |       |       |   232 |   501 ||   733
Dodge: Dodged            |    50 |    39 |   105 |   177 |   239 ||   610
       Repelled          |       |       |     3 |     4 |       ||     7
Block: Other             |     6 |    16 |       |       |       ||    22
       Buckler           |       |    27 |   212 |   325 |   384 ||   948

Table legend: (Time is in decaauts)
 A = Elapsed time spent in this place.
 B = Non-inter-level travel time spent in this place.
 C = Inter-level travel time spent in this place.
 D = Time resting spent in this place.
 E = Time spent auto-exploring this place.
 F = Levels seen in this place.
 G = Mean time per level.
                   A        B        C        D        E       F      G
               +--------+--------+--------+--------+--------+-----+--------+
         Total |  24438 |  23513 |    925 |   3560 |  14943 |  21 | 1163.7 |
       Dungeon |  13039 |  12376 |    663 |   1043 |   8506 |  13 | 1003.0 |
          Lair |  11073 |  10811 |    262 |   2380 |   6418 |   6 | 1845.5 |
         Abyss |     98 |     98 |      0 |     74 |      0 |   1 |   98.0 |
       Ossuary |    226 |    226 |      0 |     62 |     18 |   1 |  226.0 |
               +--------+--------+--------+--------+--------+-----+--------+

Top non-repeatable levels by time:
  Lair:6: 2322 daAuts
  Lair:2: 2277 daAuts
  Lair:4: 2052 daAuts
    D:11: 1857 daAuts
  Lair:3: 1848 daAuts
  Lair:5: 1788 daAuts
     D:9: 1275 daAuts
     D:1: 1182 daAuts
     D:7: 1158 daAuts
     D:5: 1026 daAuts
     D:4: 990 daAuts
    D:12: 963 daAuts
     D:8: 961 daAuts
    D:10: 941 daAuts
     D:2: 844 daAuts
